 Dungeon Crawl Stone Soup version 0.30.1-11-g7821555f0a (webtiles) character file.

Game seed: 14885896918529415135

16577 lonewolfV2 the Fighter (level 12, 0/90 HPs)
             Began as a Formicid Fighter on Nov 17, 2023.
             Was a Priest of Qazlal.
             Slain by a seven-headed hydra (3 damage)
             ... on level 11 of the Dungeon.
             The game lasted 00:13:33 (10892 turns).

lonewolfV2 the Fighter (Formicid Fighter)          Turns: 10892, Time: 00:13:34

Health: 0/90       AC: 12    Str: 28    XL:     12   Next: 71%
Magic:  0/19       EV: 14    Int:  5    God:    Qazlal [***...]
Gold:   805        SH: 22    Dex: 21    Spells: 11/11 levels left

rFire   . . .        r - +5 hammer of the Powerful God {flame, rElec}
rCold   . . .        B - +5 kite shield of Inference {rElec rN+ Str+3 Int-2 Stlth+}
rNeg    + . .        b - +0 scale mail
rPois   .            (helmet unavailable)
rElec   +            q - +1 cloak
rCorr   .            k - +0 pair of gloves
SInv    +            (no boots)
Will    +....        h - amulet of guardian spirit
Stlth   +            f - +5 ring of evasion
HPRegen 0.35/turn    i - +6 ring of dexterity
MPRegen 0.16/turn

%: guardian spirit
@: very slightly contaminated
A: permanent stasis, dig shafts and tunnels, antennae 3, four strong arms, frail
1
a: Dig, Shaft Self, Renounce Religion, Upheaval, Elemental Force


You were on level 11 of the Dungeon.
You worshipped Qazlal.
Qazlal was most pleased with you.
You visited 2 branches of the dungeon, and saw 12 of its levels.

You collected 805 gold pieces.

Inventory:

Hand Weapons
 a - a +0 war axe
 d - the +6 flail "Jutoc" {heavy, Drain Will- rCorr Int+9}
   (You found it on level 10 of the Dungeon)

   Int:       It affects your intelligence (+9).
   rCorr:     It protects you from acid and corrosion.
   Drain:     It drains your maximum health when unequipped.
   Will:      It decreases your willpower.
 g - a +2 executioner's axe of freezing
 r - the +5 hammer of the Powerful God (weapon) {flame, rElec}
   (You found it on level 3 of the Dungeon)

   rElec:     It insulates you from electricity.
 C - the +2 long sword of Diqis {protect, Contam rPois rN++ MP+9}
   (You found it on level 6 of the Dungeon)

   rPois:     It protects you from poison.
   rN:        It greatly protects you from negative energy.
   MP:        It affects your magic capacity (+9).
   Contam:    It causes magical contamination when unequipped.
Missiles
 G - a throwing net
Armour
 b - a +0 scale mail (worn)
 c - a +0 buckler
 k - a +0 pair of gloves (worn)
 q - a +1 cloak (worn)
 B - the +5 kite shield of Inference (worn) {rElec rN+ Str+3 Int-2 Stlth+}
   (You acquired it on level 8 of the Dungeon)

   Str:       It affects your strength (+3).
   Int:       It affects your intelligence (-2).
   rElec:     It insulates you from electricity.
   rN:        It protects you from negative energy.
   Stlth:     It makes you more stealthy.
Jewellery
 f - a +5 ring of evasion (left hand)
 h - an amulet of guardian spirit (around neck)
 i - a +6 ring of dexterity (right hand)
 t - a ring of positive energy
 F - a ring of magical power
 H - a ring of resist corrosion
Wands
 l - a wand of mindburst (16)
 w - a wand of flame (35)
 A - a wand of polymorph (8)
 J - a wand of charming (6)
Scrolls
 e - 15 scrolls of identify
 y - a scroll of blinking
 I - a scroll of magic mapping
Potions
 j - a potion of haste
 m - 2 potions of magic
 n - a potion of attraction
 p - 5 potions of mutation
 s - 3 potions of ambrosia
 u - a potion of berserk rage
 v - a potion of brilliance
 x - 6 potions of curing
 z - a potion of flight
 D - 2 potions of cancellation
 E - 3 potions of lignification


   Skills:
 + Level 11.3 Fighting
 - Level 10.2 Axes
 - Level 10.0 Armour
 - Level 11.0 Shields
 * Level 10.1 Invocations


You had 11 spell levels left.
You didn't know any spells.
Your spell library contained the following spells:

 Spells                   Type           Power      Damage    Failure   Level
 Magic Dart               Conj           0%         1d3       85%         1
 Call Imp                 Summ           0%         N/A       94%         2
 Static Discharge         Conj/Air       0%         2-2/arc   94%         2
 Call Canine Familiar     Summ           0%         N/A       99%         3
 Dazzling Flash           Conj/Hex       0%         N/A       99%         3
 Inner Flame              Hex/Fire       0%         N/A       99%         3
 Mephitic Cloud           Conj/Pois/Air  0%         N/A       99%         3
 Portal Projectile        Hex/Tloc       0%         N/A       99%         3
 Stone Arrow              Conj/Erth      0%         3d7       99%         3
 Tukima's Dance           Hex            0%         N/A       99%         3
 Airstrike                Air            0%         2d(0-16)  100%        4
 Animate Armour           Summ/Erth      0%         N/A       100%        4
 Leda's Liquefaction      Hex/Erth       0%         N/A       100%        4
 Summon Lightning Spire   Summ/Air       0%         N/A       100%        4
 Agony                    Necr           0%         N/A       100%        5
 Blade Hands              Tmut           0%         N/A       100%        5
 Silence                  Hex/Air        0%         N/A       100%        5
 Yara's Violent Unravell  Hex/Tmut       0%         3d3       100%        5
 Enfeeble                 Hex            0%         N/A       100%        7
 Lehudib's Crystal Spear  Conj/Erth      0%         10d2      100%        8


Dungeon Overview and Level Annotations

Branches:
Dungeon (11/15)            Temple (1/1) D:6            Lair (0/5) D:9
    Orc (0/2) D:10

Altars:
Ashenzari
Cheibriados
Hepliaklqana
Kikubaaqudgha
Makhleb
Qazlal
Sif Muna
Trog
Uskayaw
Vehumet
Yredelemnul
Zin
The Shining One


Innate Abilities, Weirdness & Mutations

You cannot be hasted, slowed, berserked, paralysed or teleported.
You can dig through walls and to a lower floor.
You have a pair of large antennae on your head. (SInv)
Your four strong arms can wield two-handed weapons with a shield.
You are frail. (-10% HP)


Message History

The seven-headed hydra bites you but does no damage.
The seven-headed hydra closely misses you.
You block the seven-headed hydra's attack.
The seven-headed hydra bites you!
* * * LOW HITPOINT WARNING * * *
You feel much better.
The seven-headed hydra barely misses you.
The seven-headed hydra bites you but does no damage.
The seven-headed hydra closely misses you.
You block the seven-headed hydra's attack.
The seven-headed hydra barely misses you.
The seven-headed hydra bites you.
You block the seven-headed hydra's attack.
You hit the seven-headed hydra. You burn the seven-headed hydra.
The seven-headed hydra is almost dead.
You hear a shout!
You block the seven-headed hydra's attack. x3
The seven-headed hydra bites you but does no damage. x2
The seven-headed hydra bites you! The seven-headed hydra bites you.
* * * LOW HITPOINT WARNING * * *
The seven-headed hydra completely misses you.
The seven-headed hydra closely misses you.
The seven-headed hydra bites you!
* * * LOW HITPOINT WARNING * * *
The seven-headed hydra completely misses you.
The seven-headed hydra bites you.
* * * LOW HITPOINT WARNING * * *
The seven-headed hydra barely misses you.
The seven-headed hydra bites you.
* * * LOW HITPOINT WARNING * * *
You hear a shout!
You thump the seven-headed hydra! You burn the seven-headed hydra.
The seven-headed hydra is almost dead.
You block the seven-headed hydra's attack. x2
The seven-headed hydra bites you but does no damage. x2
You block the seven-headed hydra's attack.
The seven-headed hydra bites you!
* * * LOW HITPOINT WARNING * * *
The seven-headed hydra bites you.
You die...

# ### ### #.# ###
################# ### #.# #.# ♣.♣
#.♣.♣)♣♣.♣♣.♣.♣.#♣♣.♣♣#.#
#.#♣♣.♣♣♣♣.♣)♣)♣.♣.♣.♣.♣♣♣...♣#.#
.....♣....♣.♣.♣...♣.♣.♣.........)
..#♣♣.♣♣♣♣.♣.♣.♣.♣.♣.♣.♣♣♣...♣#.#
#.# ♣.♣ #.♣[♣.♣♣.♣♣.♣.♣.#♣♣.♣♣#.#
#.# ### #######♣@♣####### ### #.#
.## ♣D♣ #.# .# { ♣♣♣♣♣♣y♣♣♣♣♣♣
#.# .# { ♣.{{TTTc{{{.♣ #.# .#
♣{{{{KTT{{{.♣ #.# .##
♣..{#####{..♣ #.# ..# ♣..#{
{.#c.♣ { #.. #.# { ♣.. {{{{.#..♣
{ #.. #.# .. {{{{{#.... ##.


You could see a seven-headed hydra, a deep troll, 3 trolls, a hornet, a kobold
brigand and a centaur.

Vanquished Creatures
  Gastronok (D:8)
  Erolcha (D:11)
  A centaur warrior (D:11)
  A boulder beetle (D:11)
  A two-headed ogre (D:10)
  Erica (D:10)
  A catoblepas (D:11)
  Urug (D:11)
  An orc knight (D:10)
  2 ugly things (D:11)
  A cyclops (D:11)
  Psyche (D:11)
  2 unseen horrors (D:11)
  2 komodo dragons
  4 trolls
  Prince Ribbit (D:5)
  Sigmund (D:2)
  A shadow (D:10)
  2 wyverns
  2 wraiths
  2 steam dragons
  6 yaks
  A vampire mosquito (D:11)
  Menkaure (D:6)
  An acid dragon (D:11)
  3 water moccasins (D:9)
  Duvessa (D:7)
  2 ice beasts
  3 orc warriors
  4 black bears
  3 ogres (D:6)
  4 sky beasts
  6 centaurs
  3 phantoms
  5 kobold brigands
  6 bullfrogs
  4 scorpions
  A wight (D:9)
  Dowan (D:7)
  13 killer bees
  8 howler monkeys
  4 hounds
  A jelly (D:7)
  6 orc priests
  A gnoll bouda (D:8)
  Crazy Yiuf (D:3)
  A sleepcap (D:8)
  An iguana (D:6)
  2 orc wizards
  5 adders
  4 gnolls (D:8)
  A shadow imp (D:6)
  A white imp (D:8)
  3 ufetubi
  2 worms
  39 orcs
  9 ball pythons
  6 endoplasms
  6 goblins
  4 hobgoblins
  23 kobolds
  4 quokkas
  7 bats
  3 frilled lizards (D:2)
  4 rats
244 creatures vanquished.

Vanquished Creatures (others)
  A human (D:5)
1 creature vanquished.

Grand Total: 245 creatures vanquished

Notes
Turn   | Place    | Note
-------+----------+-------------------------------------------
     0 | D:1      | lonewolfV2 the Formicid Fighter began the quest for the
                  | Orb.
     0 | D:1      | Reached XP level 1. HP: 18/18 MP: 1/1
   244 | D:1      | Reached XP level 2. HP: 23/24 MP: 2/2
   615 | D:1      | Identified a scroll of acquirement
   626 | D:2      | Reached XP level 3. HP: 30/30 MP: 3/3
   779 | D:2      | Noticed Sigmund
   788 | D:2      | Killed Sigmund
   789 | D:2      | Reached skill level 5 in Fighting
   789 | D:2      | Reached XP level 4. HP: 20/39 MP: 1/4
   789 | D:2      | Reached XP level 5. HP: 23/44 MP: 1/5
   789 | D:2      | Reached XP level 6. HP: 27/51 MP: 1/6
  1609 | D:3      | Found a hazy altar of Hepliaklqana.
  1627 | D:3      | Found a runed translucent door.
  1628 | D:3      | Noticed Crazy Yiuf
  1941 | D:3      | Killed Crazy Yiuf
  2162 | D:3      | Identified the +5 hammer of the Powerful God {flame, rElec}
  2232 | D:4      | Reached skill level 5 in Axes
  2243 | D:4      | Reached XP level 7. HP: 55/58 MP: 7/7
  2275 | D:4      | Found a basalt altar of Yredelemnul.
  2991 | D:5      | Entered Level 5 of the Dungeon
  3077 | D:5      | Found a glowing silver altar of Zin.
  3138 | D:5      | Noticed Prince Ribbit
  3157 | D:5      | Killed Prince Ribbit
  3158 | D:5      | Reached XP level 8. HP: 62/67 MP: 6/8
  3173 | D:5      | Acquired a +1 executioner's axe of freezing
  3523 | D:5      | Found an ancient bone altar of Kikubaaqudgha.
  3524 | D:5      | Noticed a human
  3526 | D:5      | Killed a human
  3811 | D:6      | Identified the +2 long sword of Diqis {protect, Contam
                  | rPois rN++ MP+9}
  4314 | D:6      | Noticed Menkaure
  4319 | D:6      | Killed Menkaure
  4320 | D:6      | Reached XP level 9. HP: 75/75 MP: 9/9
  4445 | D:6      | Found a staircase to the Ecumenical Temple.
  4577 | Temple   | Entered the Ecumenical Temple
  4656 | Temple   | Became a worshipper of Qazlal Stormbringer
  5159 | D:7      | Reached skill level 10 in Fighting
  5411 | D:7      | Noticed Dowan
  5413 | D:7      | Noticed Duvessa
  5423 | D:7      | Killed Duvessa
  5425 | D:7      | Killed Dowan
  5580 | D:7      | Reached skill level 5 in Armour
  5580 | D:7      | Reached XP level 10. HP: 85/85 MP: 10/10
  6055 | D:8      | Acquired the +5 kite shield of Inference {rElec rN+ Str+3
                  | Int-2 Stlth+}
  6085 | D:8      | Reached * piety under Qazlal
  6265 | D:8      | Noticed Gastronok
  6276 | D:8      | Killed Gastronok
  6277 | D:8      | Reached skill level 10 in Axes
  7456 | D:9      | Reached skill level 5 in Shields
  7477 | D:9      | Reached XP level 11. HP: 60/90 MP: 11/11
  7872 | D:9      | Found a staircase to the Lair.
  8163 | D:10     | Entered Level 10 of the Dungeon
  8244 | D:10     | Reached ** piety under Qazlal
  8311 | D:10     | Noticed an orc knight
  8328 | D:10     | Killed an orc knight
  8618 | D:10     | Found a staircase to the Orcish Mines.
  8780 | D:10     | Noticed a two-headed ogre
  8785 | D:10     | Killed a two-headed ogre
  8786 | D:10     | Reached skill level 10 in Armour
  8984 | D:10     | Reached skill level 10 in Shields
  8984 | D:10     | Reached skill level 1 in Invocations
  8986 | D:10     | Noticed Erica
  8994 | D:10     | Killed Erica
  9147 | D:10     | Identified the +6 flail "Jutoc" {heavy, Drain Will- rCorr
                  | Int+9}
  9611 | D:11     | Noticed a boulder beetle
  9634 | D:11     | Killed a boulder beetle
  9635 | D:11     | Reached skill level 5 in Invocations
  9918 | D:11     | Noticed a red ugly thing
  9924 | D:11     | Killed a red ugly thing
  9935 | D:11     | Reached XP level 12. HP: 76/97 MP: 12/16
 10023 | D:11     | Reached *** piety under Qazlal
 10382 | D:11     | Noticed Psyche
 10387 | D:11     | Killed Psyche
 10454 | D:11     | Noticed Urug
 10468 | D:11     | Killed Urug
 10562 | D:11     | Noticed Erolcha
 10571 | D:11     | Killed Erolcha
 10832 | D:11     | Noticed a catoblepas
 10832 | D:11     | Noticed a two-headed ogre
 10833 | D:11     | Noticed a centaur warrior
 10833 | D:11     | Noticed a seven-headed hydra
 10856 | D:11     | Killed a centaur warrior
 10858 | D:11     | Noticed a deep troll
 10878 | D:11     | Killed a catoblepas
 10879 | D:11     | Reached skill level 10 in Invocations
 10883 | D:11     | Gained mutation: You are frail. (-10% HP) [mutagenic glow]
 10892 | D:11     | HP: 3/90 [seven-headed hydra (6)]
 10892 | D:11     | Slain by a seven-headed hydra

Illustrated notes

Levels and vault maps discovered:
D:1:      mrwooster_arrival_statue_3, layout_basic, minmay_misc_feat_columns,
          minmay_tetromino_i2
D:2:      minmay_evil_eye, layout_rooms, uniq_sigmund
D:3:      layout_rooms, mainiacjoe_overflow_alcove_1, uniq_crazy_yiuf_cottage
D:4:      minmay_wonky_spiral, layout_cave_pools, kennysheep_mini_moat
D:5:      layout_loops_ring, nicolae_overflow_crystal_walls, tgw_kikubaaqudgha,
          hex_large, uniq_prince_ribbit1
D:6:      layout_loops_ring, minmay_temple_entry_offerings, kennysheep_dice,
          uniq_menkaure
D:7:      layout_basic, uniq_duvessa
D:8:      layout_basic, enter_bailey_3, kennysheep_generic_room_4,
          uniq_gastronok
D:9:      layout_basic, due_lair_maze_entry_diamond
D:10:     layout_roguey, david_orc_5, serial_corexii_hall,
          chequers_hall_statues_wall_a, corexii_hall_statues_i,
          chequers_hall_statues_corner_a, chequers_hall_statues_wall_a,
          chequers_hall_statues_wall_a, corexii_hall_statues_t, uniq_erica
D:11:     nzn_winding_woodlands_large [nzn_winding_woodlands_5x5_open_star,
          nzn_winding_woodlands_5x15_split_checker,
          nzn_winding_woodlands_5x5_cross,
          nzn_winding_woodlands_center_triple_pond,
          nzn_winding_woodlands_15x15_killbox,
          nzn_winding_woodlands_center_diamonds,
          nzn_winding_woodlands_5x5_checkerboard,
          nzn_winding_woodlands_5x15_sawtooth,
          nzn_winding_woodlands_5x5_default], layout_basic, nrook_campfire,
          uniq_erolcha, uniq_urug, uniq_psyche
Temple:   dpeg_five_rooms_temple

Skill      XL: |  1  2  3  4  5  6  7  8  9 10 11 12 |
---------------+-------------------------------------+-----
Fighting       | 4 5 6 7 8 10 11 | 11.3
Axes           | 4 5 6 7 9 10 | 10.2
Armour         | 5 9 10 | 10.0
Shields        | 6 10 11 | 11.0
Invocations    | 5 10 | 10.1

Action                     |  1- 3 |  4- 6 |  7- 9 | 10-12 || total
---------------------------+-------+-------+-------+-------++-------
  Melee: War axe           |    69 |    91 |    47 |       ||   207
         Executioner's axe |       |       |   107 |   298 ||   405
         Mace              |       |       |       |    14 ||    14
         Long sword        |       |       |       |     7 ||     7
Ability: Dig               |       |       |       |     1 ||     1
  Evoke: Wand              |       |       |     3 |     6 ||     9
    Use: Scroll            |     2 |     6 |    16 |     1 ||    25
         Potion            |       |       |       |     6 ||     6
   Stab: Petrified         |       |       |       |     7 ||     7
 Armour: Scale mail        |    30 |    36 |    66 |    82 ||   214
  Dodge: Dodged            |    75 |    62 |   142 |   156 ||   435
  Block: Buckler           |    26 |    34 |    69 |     2 ||   131
         Kite shield       |       |       |       |   410 ||   410
